 Dungeon Crawl Stone Soup version 0.27.0-1-g7a089689b8 (webtiles) character file.

Game seed: 10182954857118418676

140 horus123 the Covered (level 5, -1/41 HPs)
             Began as a Demonspawn Fighter on Aug 18, 2021.
             Slain by an orc (5 damage)
             ... on level 3 of the Dungeon.
             The game lasted 00:07:17 (2537 turns).

horus123 the Covered (Demonspawn Fighter)           Turns: 2537, Time: 00:07:18

Health: -1/41      AC:  7    Str: 18    XL:     5   Next: 2%
Magic:  5/5        EV:  9    Int:  9    God:
Gold:   52         SH:  9    Dex: 12    Spells: 4/4 levels left

rFire    . . .     SeeInvis .   a - +0 long sword
rCold    . . .     Faith    .   c - +0 kite shield
rNeg     . . .     Spirit   .   b - +0 scale mail
rPois    .         Reflect  .   (no helmet)
rElec    .         Harm     .   (no cloak)
rCorr    .         Rampage  .   (no gloves)
Will     .....                  (no boots)
Stlth    ..........             (no amulet)
HPRegen  0.13/turn              (no ring)
MPRegen  0.09/turn              (no ring)

@: no status effects
A: repulsion field 1, powered by death 1
a: no special abilities


You were on level 3 of the Dungeon.
You visited 1 branch of the dungeon, and saw 3 of its levels.

You collected 52 gold pieces.

Inventory:

Hand Weapons
 a - a +0 long sword (weapon)
Missiles
 m - 3 javelins (quivered)
Armour
 b - a +0 scale mail (worn)
 c - a +0 kite shield (worn)
Potions
 g - a potion of lignification


   Skills:
 * Level 3.3 Fighting
 + Level 2.5 Long Blades
 * Level 4.2 Armour
 + Level 0.2 Dodging
 + Level 0.2 Stealth
 * Level 3.2 Shields


You had 4 spell levels left.
You didn't know any spells.
Your spell library contained the following spells:

 Spells                   Type           Power      Damage    Failure   Level
 Corona                   Hex            0%         N/A       99%         1
 Ensorcelled Hibernation  Hex/Ice        0%         N/A       100%        2
 Tukima's Dance           Hex            0%         N/A       100%        3


Dungeon Overview and Level Annotations

Branches:
Dungeon (3/15)

Altars:


Innate Abilities, Weirdness & Mutations

You are surrounded by a mild repulsion field. (EV +2)
You regenerate a little health from kills.


Message History

You block the orc's attack. You block the orc's attack.
The orc hits you but does no damage. You block the orc's attack.
You block the orc's attack. You block the orc's attack.
The orc hits you but does no damage. You block the orc's attack.
The orc hits you but does no damage. You block the orc's attack.
You block the orc's attack. The orc hits you but does no damage.
You start to feel less resistant.
You block the orc's attack.
The orc hits you from afar with a +0 trident.
* * * LOW HITPOINT WARNING * * *
The orc hits you from afar with a +0 trident.
* * * LOW HITPOINT WARNING * * *
The orc hits you from afar with a +0 trident.
* * * LOW HITPOINT WARNING * * *
You block the orc's attack.
Your transformation is almost over.
Your resistance to elements expires.
The orc hits you but does no damage.
You cannot move.
You cannot move.
You cannot move.
You block the orc's attack. The orc hits you but does no damage.
The orc hits you from afar with a +0 trident.
* * * LOW HITPOINT WARNING * * *
You block the orc's attack. The orc hits you but does no damage.
The orc hits you but does no damage. The orc hits you but does no damage.
You feel less wooden.
Your +0 scale mail unmelds from your body.
The orc hits you from afar with a +0 trident.
* * * LOW HITPOINT WARNING * * *
The orc hits you from afar with a +0 trident.
You die...

.. #.# ##.# ###.##
.........
####.####.########
...........o.S..o#
..........######S#
..........# #o#
...w..o...# #)#
..##...S..# #@#
..........# #.#
...#......# #.#
...#.......# #.#
...#####...# #.#
...# ##..# #.#
...# ..# #.. ...#
#.# ### ...# ..


You could see an adder and 2 orcs.

Vanquished Creatures
  2 orc wizards (D:3)
  3 adders
  2 dart slugs (D:1)
  2 orcs (D:3)
  6 endoplasms
  5 giant cockroaches
  3 goblins
  5 hobgoblins
  2 jackals (D:1)
  3 kobolds
  5 quokkas
  4 ball pythons
  4 bats
  6 frilled lizards (D:1)
  3 rats
55 creatures vanquished.

Notes
Turn   | Place    | Note
-------+----------+-------------------------------------------
     0 | D:1      | horus123 the Demonspawn Fighter began the quest for the
                  | Orb.
     0 | D:1      | Reached XP level 1. HP: 18/18 MP: 1/1
     2 | D:1      | Noticed a naga
     2 | D:1      | Noticed a dwarf
     4 | D:1      | Noticed a vine stalker
     4 | D:1      | Noticed a minotaur
     6 | D:1      | Noticed a palentonga
     6 | D:1      | Noticed an ogre
     8 | D:1      | Noticed a demonspawn
     8 | D:1      | Noticed a djinni
    10 | D:1      | Noticed a tengu
    10 | D:1      | Noticed a vampire
    12 | D:1      | Noticed a merfolk
    14 | D:1      | Noticed a human
    14 | D:1      | Noticed a barachi
    16 | D:1      | Noticed a ghoul
    16 | D:1      | Noticed a demigod
    18 | D:1      | Noticed a draconian
    20 | D:1      | Noticed a felid
    22 | D:1      | Noticed a formicid
    22 | D:1      | Noticed an octopode
    24 | D:1      | Noticed a troll
    24 | D:1      | Noticed a gargoyle
    26 | D:1      | Noticed a spriggan
    26 | D:1      | Noticed an elf
   259 | D:1      | Reached skill level 3 in Armour
   304 | D:1      | Gained mutation: You regenerate a little health from kills.
                  | [demonic ancestry]
   304 | D:1      | Reached XP level 2. HP: 16/24 MP: 2/2
   763 | D:1      | Reached XP level 3. HP: 24/29 MP: 3/3
  2371 | D:2      | Gained mutation: You are surrounded by a mild repulsion
                  | field. (EV +2) [demonic ancestry]
  2371 | D:2      | Reached XP level 4. HP: 35/35 MP: 4/4
  2494 | D:3      | Reached skill level 4 in Armour
  2494 | D:3      | Reached XP level 5. HP: 34/41 MP: 5/5
  2537 | D:3      | Slain by an orc

Illustrated notes

Levels and vault maps discovered:
D:1:      kb_arrival_jail, layout_basic, kennysheep_pointless_box,
          minmay_tripent
D:2:      layout_basic, nrook_uturn
D:3:      layout_basic, hellmonk_ecumenical_altar_arch_garden,
          gammafunk_ghost_grave, kennysheep_path_1,
          chequers_serial_rivers_large_a

Skill      XL: |  1  2  3  4 |
---------------+-------------+-----
Armour         | 3 4 |  4.2
Long Blades    | 2 |  2.5
Shields        | 3 |  3.2
Fighting       | |  3.3
Dodging        | |  0.2
Stealth        | |  0.2

Action                   |  1- 3 |  4- 6 || total
-------------------------+-------+-------++-------
Melee: Long sword        |   136 |    44 ||   180
  Use: Scroll            |     4 |       ||     4
       Potion            |     1 |     5 ||     6
Armor: Scale mail        |    89 |    23 ||   112
       Skin              |       |    10 ||    10
Dodge: Dodged            |    46 |    26 ||    72
Block: Kite shield       |    72 |    54 ||   126
       Rpst.: Long sword |    19 |     9 ||    28
